 Dungeon Crawl Stone Soup version 0.23.1-37-gaa34b87 (webtiles) character file.

Game seed: 7576145301533167681

71880 nuthulu the Cleaver (level 14, 0/169 HPs)
             Began as a Demonspawn Gladiator on Mar 25, 2019.
             Was the Champion of Okawaru.
             Succumbed to Nessos's poison
             ... on level 13 of the Dungeon.
             The game lasted 00:45:43 (27311 turns).

nuthulu the Cleaver (Demonspawn Gladiator)         Turns: 27311, Time: 00:45:44

Health: 0/169      AC: 31    Str: 27    XL:     14   Next: 99%
Magic:  2/14       EV: 12    Int: 10    God:    Okawaru [******]
Gold:   584        SH:  0    Dex: 26    Spells: 12/13 levels left

rFire    . . .     SeeInvis .   R - +12 battleaxe "Xuadd" {chop, Str+3 Dex+3}
rCold    . . .     Gourm    .   (shield currently unavailable)
rNeg     . . .     Faith    .   G - +0 crystal plate armour
rPois    +         Spirit   +   c - +2 helmet
rElec    .         Reflect  .   s - +2 cloak {rPois}
rCorr    .         Harm     .   Q - +0 pair of gloves {Dex+3}
MR       +....                  n - +2 pair of boots
Stlth    ..........             g - amulet of magic regeneration
HPRegen  0.38/turn              t - +2 ring of protection
MPRegen  0.53/turn              I - ring of poison resistance

@: agile, berserking, lethally poisoned (0 -> -4), studying Bows, drained, very
quick
A: talons 2, yellow scales 2, demonic guardian 1, magic shield, magic
regeneration, magic link
a: Heroism, Finesse, Renounce Religion


You were on level 13 of the Dungeon.
You worshipped Okawaru.
Okawaru was exalted by your worship.
You were not hungry.

You visited 4 branches of the dungeon, and saw 22 of its levels.

You collected 1625 gold pieces.
You spent 1041 gold pieces at shops.

Inventory:

Hand Weapons
 a - a +2 war axe of venom
 F - the +11 morningstar of the Butterfly {pain, *Drain +Fly Str+6 Int+4}
   (You found it on level 10 of the Dungeon)

   In the hands of one skilled in necromantic magic, it inflicts extra damage on
   living creatures.
   It affects your strength (+6).
   It affects your intelligence (+4).
   It lets you fly.
   It causes draining when unequipped.
 O - a +7 antimagic eveningstar
 R - the +12 battleaxe "Xuadd" (weapon) {chop, Str+3 Dex+3}
   (You found it on level 6 of the Lair of Beasts)

   It inflicts extra damage upon your enemies.
   It affects your strength (+3).
   It affects your dexterity (+3).
Missiles
 d - a throwing net (quivered)
Armour
 b - the +1 plate armour "Cukiack" {rN+ Dex-4 Slay+5}
   (You bought it in a shop on level 2 of the Orcish Mines)

   It affects your dexterity (-4).
   It affects your accuracy and damage with ranged weapons and melee attacks
   (+5).
   It protects you from negative energy.
 c - a +2 helmet (worn)
 n - a +2 pair of boots (worn)
 s - a +2 cloak of poison resistance (worn)
 z - a +0 cloak of magic resistance
 G - a +0 crystal plate armour (worn)
 L - a scarf of cloud immunity
 Q - a +0 pair of gloves of dexterity (worn)
 T - the +2 shield of the Sailor {rC+ Regen+}
   (You acquired it on level 13 of the Dungeon)

   It protects you from cold.
   It increases your rate of regeneration.
Jewellery
 g - an amulet of magic regeneration (around neck)
 t - a +2 ring of protection (left hand)
 D - the ring of Charity {Wiz rF- MR++ SInv Stlth+}
   (You found it on level 8 of the Dungeon)

   [ring of wizardry]

   It improves your spell success rate.
   It makes you vulnerable to fire.
   It affects your resistance to hostile enchantments.
   It lets you see invisible.
   It makes you more stealthy.
 I - a ring of poison resistance (right hand)
 N - an uncursed ring of ice
Wands
 e - a wand of acid (9)
 i - a wand of digging (19)
 q - a wand of enslavement (4)
 y - a wand of iceblast (10)
 A - a wand of flame (16)
 C - a wand of polymorph (11)
 M - a wand of scattershot (5)
Scrolls
 j - 4 scrolls of remove curse
 m - 2 scrolls of amnesia
 o - 3 scrolls of identify
 w - 4 scrolls of teleportation
 P - 2 scrolls of magic mapping
Potions
 h - 2 potions of berserk rage
 k - 2 potions of agility
 p - a potion of cancellation
 r - 3 potions of might
 u - 2 potions of brilliance
 v - 4 potions of lignification
 x - a potion of haste
 B - a potion of mutation
 E - 3 potions of resistance
 J - a potion of ambrosia
Books
 H - a manual of Bows
Comestibles
 f - 25 rations


   Skills:
 - Level 11.3(10.2) Fighting
 * Level 12.5(12.8) Axes
 - Level 10.7(12.0) Maces & Flails
 - Level 1.7(0.9) Throwing
 - Level 4.0(3.2) Armour
 + Level 5.0(4.2) Dodging
 - Level 12.4(11.4) Shields
 - Level 9.0(8.0) Necromancy


You had 12 spell levels left.
You knew the following spells:

 Your Spells              Type           Power        Failure   Level  Hunger
a - Animate Skeleton      Necr           N/A          69%         1    ##.....

Your spell library contained the following spells:

 Spells                   Type           Power        Failure   Level  Hunger
 Pain                     Necr           ###.         69%         1    ##.....
 Vampiric Draining        Necr           ###.......   96%         3    ####...
 Shock                    Conj/Air       #...         100%        1    ##.....
 Sting                    Conj/Pois      #...         100%        1    ##.....
 Summon Small Mammal      Summ           #...         100%        1    ##.....
 Call Imp                 Summ           #.......     100%        2    ###....
 Poisonous Vapours        Pois/Air       #.....       100%        2    ###....
 Swiftness                Chrm/Air       #.......     100%        2    ###....
 Call Canine Familiar     Summ           #.......     100%        3    ####...
 Ignite Poison            Fire/Tmut/Pois #.......     100%        3    ####...
 Mephitic Cloud           Conj/Pois/Air  #.......     100%        3    ####...
 Regeneration             Chrm/Necr      #.........   100%        3    ####...
 Static Discharge         Conj/Air       #.......     100%        3    ####...
 Summon Guardian Golem    Hex/Summ       #.......     100%        3    ####...
 Airstrike                Air            #.........   100%        4    #####..
 Animate Dead             Necr           N/A          100%        4    #####..
 Olgreb's Toxic Radiance  Pois           #.......     100%        4    #####..
 Summon Ice Beast         Ice/Summ       #.......     100%        4    #####..
 Summon Lightning Spire   Summ/Air       #.......     100%        4    #####..
 Fireball                 Conj/Fire      #.........   100%        5    ######.
 Lightning Bolt           Conj/Air       #.........   100%        5    ######.
 Venom Bolt               Conj/Pois      #.........   100%        5    ######.
 Bolt of Fire             Conj/Fire      #.........   100%        6    #######
 Ring of Flames           Chrm/Fire      #.........   100%        7    #######
 Ignition                 Fire           #.........   100%        8    #######


Dungeon Overview and Level Annotations

Branches:
Dungeon (13/15)            Temple (1/1) D:6            Lair (6/6) D:8
 Shoals (0/4) Lair:2       Spider (0/4) Lair:2        Slime (0/5) Lair:6
    Orc (2/2) D:9             Elf (0/3) Orc:2
 Vaults: D:13-14

Altars:
Ashenzari
Cheibriados
Dithmenos
Elyvilon
Fedhas
Gozag
Hepliaklqana
Kikubaaqudgha
Makhleb
Nemelex Xobeh
Okawaru
Qazlal
Ru
Sif Muna
Trog
Uskayaw
Vehumet
Xom
Yredelemnul
The Shining One
Beogh

Shops:
Orc:2 (([%*

Annotations:
D:4 3 runed translucent doors, kae's ghost, novice MfSk
D:9 2 transporters, fly's ghost, novice DgTm
Lair:3 3 runed translucent doors, Aston's ghost, journeyman SpEn
Lair:6 exclusion: 2 oklob plants


Innate Abilities, Weirdness & Mutations

You have razor-sharp toenails.
You are mostly covered in yellow scales. (AC +3)
A weak demonic guardian rushes to your aid.
When hurt, damage is shared between your health and your magic reserves.
You regenerate magic rapidly.
When low on magic, you restore magic in place of health.


Message History

Nessos unwields a +1 longbow of flaming.
It stops flaming.
Nessos hits you but does no damage. x2
Unknown command.
Okay, then.
A red film seems to cover your vision as you go berserk!
You feel yourself moving faster!
You feel mighty!
You feel sick. Nessos hits you.
* * * LOW HITPOINT WARNING * * *
Nessos hits you but does no damage.
You hit Nessos.
Nessos is heavily wounded.
* * * LOW HITPOINT WARNING * * *
You feel sick.
Nessos is no longer moving quickly.
Nessos misses you. Nessos hits you!
* * * LOW HITPOINT WARNING * * *
You slice Nessos!!
You kill Nessos!
Okawaru accepts your kill.
Your base Dodging skill increases to level 5!
You die...

##.##.........
#.......#.....
#.......###...
#............g
#.......#####
#.......#
#....(..#
#.(.(...#
#5(@5...#
##)###### ##(#
#)(### ####.
#..(.#......
####(.....>.
#.....c..
#........
#........


You could see a friendly iron imp and a friendly shadow imp.

Vanquished Creatures
  Jorgrun (D:13)
  Nessos (D:13)
  The ghost of grocchini the Fighter, a journeyman GrMo of Okawaru (Orc:2)
  Josephine (D:13)
  Fannar (Lair:3)
  2 hydras
  Urug (D:10)
  13 death yaks
  2 two-headed ogres
  An orc high priest (Orc:2)
  An unseen horror (D:11)
  3 orc knights
  6 orc sorcerers
  11 elephants
  6 ugly things
  3 cyclopes
  A black mamba (Lair:4)
  Psyche (D:8)
  A rime drake (Lair:5)
  27 spiny frogs
  6 komodo dragons
  A yaktaur (D:12)
  A queen bee (D:12)
  6 trolls
  4 tyrant leeches (Lair:6)
  A hornet (D:13)
  3 jumping spiders (Lair:2)
  6 meliai
  7 polar bears
  18 blink frogs
  8 hippogriffs
  A redback (Lair:2)
  Sigmund (D:6)
  7 wraiths
  7 wyverns
  A spriggan (D:9)
  2 basilisks
  A vampire (D:11)
  21 yaks
  A fire bat (shapeshifter) (D:10)
  2 hungry ghosts
  A steam dragon (D:12)
  4 vampire mosquitoes
  Menkaure (D:5)
  5 wargs (Orc:2)
  4 porcupines
  19 water moccasins
  A black bear (D:9)
  2 hornet zombies
  4 ice beasts
  8 ogres
  12 orc warriors
  A necrophage (D:7)
  A phantom (D:7)
  7 centaurs
  6 wolves
  11 crocodiles
  2 big kobolds
  23 bullfrogs
  A gnoll sergeant (D:6)
  A wyvern zombie (D:8)
  A wyvern skeleton (D:12)
  2 scorpions
  A water moccasin skeleton (D:8)
  2 electric eels
  17 killer bees
  10 wights
  2 howler monkeys
  7 crimson imps
  A bullfrog zombie (D:5)
  2 quasits
  3 hounds
  Crazy Yiuf (D:4)
  5 orc priests
  6 jellies
  34 orc wizards
  3 centaur skeletons
  4 bullfrog skeletons
  An iguana (D:10)
  3 worker ants
  2 hound zombies
  5 gnolls
  14 adders
  5 shadow imps
  2 oozes
  An adder skeleton (D:4)
  2 worms
  3 dart slugs
  4 leopard geckos
  68 orcs
  A ball python (D:5)
  6 bats
  5 giant cockroaches
  6 goblins
  5 hobgoblins
  5 jackals
  8 quokkas
  6 frilled lizards
  2 jackal skeletons
  A jackal zombie (D:7)
  12 kobolds
  A quokka skeleton (D:4)
  2 quokka zombies
  4 rats
578 creatures vanquished.

Vanquished Creatures (collateral kills)
  A death yak (Lair:4)
  A merfolk siren (Lair:2)
  An elephant (Lair:5)
  2 spiny frogs
  A komodo dragon (Lair:6)
  4 blink frogs
  A hippogriff (Lair:4)
  A wyvern (Lair:4)
  A yak (Lair:4)
  2 vampire mosquitoes
  A water moccasin (Lair:4)
  A bullfrog (Lair:6)
  A killer bee (D:9)
  An orc wizard (Orc:2)
  3 orcs (Orc:2)
22 creatures vanquished.

Vanquished Creatures (others)
  An orc wizard (Orc:2)
  2 orcs (Orc:2)
  18 fungi
  33 plants
54 creatures vanquished.

Grand Total: 654 creatures vanquished

Notes
Turn   | Place    | Note
-------+----------+-------------------------------------------
     0 | D:1      | nuthulu the Demonspawn Gladiator began the quest for the
                  | Orb.
     0 | D:1      | Reached XP level 1. HP: 16/16 MP: 1/1
   179 | D:1      | Gained mutation: You are partially covered in yellow
                  | scales. (AC +2) [demonic ancestry]
   179 | D:1      | Reached XP level 2. HP: 17/23 MP: 2/2
   853 | D:2      | Reached XP level 3. HP: 28/28 MP: 3/3
  1418 | D:2      | Gained mutation: When hurt, damage is shared between your
                  | health and your magic reserves. [demonic ancestry]
  1418 | D:2      | Reached XP level 4. HP: 31/35 MP: 4/4
  2600 | D:4      | Found a runed translucent gate.
  2600 | D:4      | Found a runed translucent gate.
  2601 | D:4      | Noticed kae's ghost (novice MfSk)
  2603 | D:4      | Found a runed translucent gate.
  2619 | D:4      | Found a sacrificial altar of Ru.
  2628 | D:4      | Reached XP level 5. HP: 41/42 MP: 5/5
  3026 | D:4      | Found a runed translucent door.
  3027 | D:4      | Noticed Crazy Yiuf
  3036 | D:4      | Killed Crazy Yiuf
  3267 | D:4      | Found a roughly hewn altar of Beogh.
  3328 | D:5      | Entered Level 5 of the Dungeon
  3396 | D:5      | Noticed Menkaure
  3410 | D:5      | HP: 1/42 [Menkaure (10)]
  3413 | D:5      | Killed Menkaure
  3413 | D:5      | Reached skill level 5 in Axes
  3413 | D:5      | Reached XP level 6. HP: 19/49 MP: 1/6
  4658 | D:6      | Reached skill level 5 in Fighting
  4658 | D:6      | Gained mutation: You have sharp toenails. [demonic
                  | ancestry]
  4658 | D:6      | Reached XP level 7. HP: 46/56 MP: 4/7
  5246 | D:6      | Found a radiant altar of Vehumet.
  5246 | D:6      | Found a deep blue altar of Sif Muna.
  5247 | D:6      | Found a blossoming altar of Fedhas.
  5265 | D:6      | Found a shimmering altar of Xom.
  5302 | D:6      | Noticed Sigmund
  5320 | D:6      | Killed Sigmund
  5320 | D:6      | Gained mutation: You regenerate magic rapidly. [demonic
                  | ancestry]
  5320 | D:6      | Reached XP level 8. HP: 64/64 MP: 8/8
  5468 | D:6      | Found a staircase to the Ecumenical Temple.
  5524 | Temple   | Entered the Ecumenical Temple
  5595 | Temple   | Became a worshipper of Warmaster Okawaru
  6330 | D:7      | Reached * piety under Okawaru
  6569 | D:7      | Gained mutation: You are mostly covered in yellow scales.
                  | (AC +3) [demonic ancestry]
  6569 | D:7      | Reached XP level 9. HP: 71/74 MP: 9/9
  6783 | D:7      | Reached skill level 1 in Armour
  7388 | D:8      | Noticed Psyche
  7412 | D:8      | Killed Psyche
  7412 | D:8      | Reached ** piety under Okawaru
  7432 | D:8      | Got a crude steel ring
  7442 | D:8      | Found a staircase to the Lair.
  7533 | D:8      | Identified the ring of Charity {Wiz rF- MR++ SInv Stlth+}
                  | (You found it on level 8 of the Dungeon)
  8522 | D:9      | Reached *** piety under Okawaru
  8528 | D:9      | Reached skill level 1 in Shields
  8586 | D:9      | Gained mutation: A weak demonic guardian rushes to your
                  | aid. [demonic ancestry]
  8586 | D:9      | Reached XP level 10. HP: 75/83 MP: 10/10
  8849 | D:9      | Noticed a two-headed ogre
  8868 | D:9      | Killed a two-headed ogre
  8868 | D:9      | Reached **** piety under Okawaru
  8890 | D:9      | Reached skill level 10 in Axes
  9186 | D:9      | Found a staircase to the Orcish Mines.
  9214 | D:9      | Noticed fly's ghost (novice DgTm)
  9222 | D:9      | Found a transporter.
  9444 | D:9      | Found a transporter.
  9515 | D:10     | Entered Level 10 of the Dungeon
  9559 | D:10     | Got a polished morningstar
  9786 | D:10     | Noticed Urug
  9820 | D:10     | Killed Urug
 10170 | D:10     | Reached skill level 5 in Shields
 10173 | D:10     | Reached skill level 10 in Fighting
 10255 | D:10     | Noticed a two-headed ogre
 10263 | D:10     | Killed a two-headed ogre
 10274 | D:10     | Reached ***** piety under Okawaru
 10281 | D:10     | Reached XP level 11. HP: 46/91 MP: 11/11
 10554 | D:10     | Noticed a purple ugly thing
 10563 | D:10     | Killed a purple ugly thing
 10568 | D:10     | Noticed a brown ugly thing
 10596 | D:10     | Killed a brown ugly thing
 10915 | D:10     | Found a sparkling altar of Nemelex Xobeh.
 10946 | D:10     | Got a scorched scale mail
 11233 | Lair:1   | Entered Level 1 of the Lair of Beasts
 11384 | Lair:1   | Identified the +11 morningstar of the Butterfly {pain,
                  | *Drain +Fly Str+6 Int+4} (You found it on level 10 of the
                  | Dungeon)
 11467 | Lair:1   | Reached skill level 1 in Maces & Flails
 11479 | Lair:1   | Identified the +8 scale mail of Sloth {*Corrode Str+6
                  | Dex+5} (You found it on level 10 of the Dungeon)
 12169 | Lair:2   | Learned a level 1 spell: Animate Skeleton
 12498 | Lair:2   | Reached skill level 1 in Necromancy
 12501 | Lair:2   | Found a staircase to the Shoals.
 12520 | Lair:2   | Received a gift from Okawaru
 12963 | Lair:2   | Found a hole to the Spider Nest.
 13855 | Lair:2   | Noticed a lindwurm
 13873 | Lair:2   | Noticed a lindwurm
 13876 | Lair:2   | Noticed a lindwurm
 13888 | Lair:2   | Noticed a lindwurm
 14005 | Lair:3   | Noticed Aston's ghost (journeyman SpEn)
 14019 | Lair:3   | Noticed a minotaur
 14141 | Lair:3   | Found a runed translucent gate.
 14141 | Lair:3   | Found a runed translucent gate.
 14141 | Lair:3   | Found a runed translucent gate.
 14317 | Lair:3   | Noticed Fannar
 14335 | Lair:3   | Killed Fannar
 14335 | Lair:3   | Reached XP level 12. HP: 100/100 MP: 12/12
 15211 | Lair:4   | Reached skill level 5 in Maces & Flails
 15578 | Lair:4   | Reached ****** piety under Okawaru
 16387 | Lair:5   | Noticed a death yak
 16405 | Lair:5   | Noticed a death yak
 16405 | Lair:5   | Noticed a death yak
 16421 | Lair:4   | Reached skill level 5 in Necromancy
 16437 | Lair:5   | Noticed a death yak
 16445 | Lair:4   | Killed a death yak
 16451 | Lair:4   | Received a gift from Okawaru
 16457 | Lair:4   | Killed a death yak
 16604 | Lair:5   | Noticed a death yak
 16605 | Lair:5   | Noticed a death yak
 16611 | Lair:4   | Killed a death yak
 16622 | Lair:4   | Killed a death yak
 16628 | Lair:5   | Noticed a death yak
 16635 | Lair:4   | Killed a death yak
 16635 | Lair:4   | Reached skill level 10 in Shields
 16767 | Lair:5   | Killed a death yak
 16770 | Lair:5   | Killed a death yak
 16852 | Lair:5   | Noticed a death yak
 16859 | Lair:5   | Noticed a death yak
 16860 | Lair:5   | Noticed a death yak
 16866 | Lair:5   | Killed a death yak
 16866 | Lair:5   | Gained mutation: When low on magic, you restore magic in
                  | place of health. [demonic ancestry]
 16866 | Lair:5   | Reached XP level 13. HP: 90/106 MP: 11/13
 17521 | Lair:5   | You fall through a shaft!
 17521 | Lair:6   | Entered Level 6 of the Lair of Beasts
 18092 | Lair:5   | Received a gift from Okawaru
 20054 | Lair:6   | Reached skill level 10 in Maces & Flails
 20220 | Lair:6   | Gained mutation: You have razor-sharp toenails. [demonic
                  | ancestry]
 20220 | Lair:6   | Reached XP level 14. HP: 99/113 MP: 14/14
 20227 | Lair:6   | Received a gift from Okawaru
 20404 | Lair:5   | Received a gift from Okawaru
 21013 | Lair:6   | Found a staircase to the Slime Pits.
 21444 | Lair:6   | Got an iridescent battleaxe
 21637 | Orc:1    | Entered Level 1 of the Orcish Mines
 21678 | Orc:2    | Entered Level 2 of the Orcish Mines
 21754 | Orc:2    | HP: 1/113 [orc sorcerer/bolt of fire (21)]
 21766 | Orc:2    | HP: 4/113 [orc sorcerer/bolt of negative energy (8)]
 22929 | Orc:2    | Found a roughly hewn altar of Beogh.
 23005 | Orc:2    | Found a roughly hewn altar of Beogh.
 23072 | Orc:2    | Found a roughly hewn altar of Beogh.
 23296 | Orc:2    | Found Wilijorch's Assorted Antiques.
 23305 | Orc:2    | Found a roughly hewn altar of Beogh.
 23319 | Orc:2    | Bought a scroll of identify for 60 gold pieces
 23319 | Orc:2    | Identified the +12 battleaxe "Xuadd" {chop, Str+3 Dex+3}
                  | (You found it on level 6 of the Lair of Beasts)
 23320 | Orc:2    | Bought a scroll of enchant armour for 225 gold pieces
 23380 | Orc:2    | Found a staircase to the Elven Halls.
 23750 | Orc:2    | Found Qiogom's Food Shoppe.
 23750 | Orc:2    | Found Lisep's Antique Armour Shop.
 23779 | Orc:2    | Bought a faintly humming plate armour for 756 gold pieces
 23807 | Orc:2    | Found a runed translucent gate.
 23807 | Orc:2    | Found a runed translucent gate.
 23807 | Orc:2    | Found a runed translucent gate.
 23807 | Orc:2    | Noticed grocchini's ghost (journeyman GrMo)
 23818 | Orc:2    | Identified the cursed +1 plate armour "Cukiack" {rN+ Dex-4
                  | Slay+5} (You bought it in a shop on level 2 of the Orcish
                  | Mines)
 23853 | Orc:2    | Killed grocchini's ghost
 24189 | Orc:2    | Found a deep blue altar of Sif Muna.
 24264 | Orc:2    | Found Niemeny's Weapon Shoppe.
 24264 | Orc:2    | Found Ocivet's Weapon Shop.
 25433 | D:12     | Received a gift from Okawaru
 25436 | D:12     | Got a slimy great mace {god gift}
 25437 | D:12     | Identified the +8 great mace "Guplimm" {drain, Fragile
                  | Int+5} (Okawaru gifted it to you on level 12 of the
                  | Dungeon)
 26019 | D:13     | Identified a scroll of acquirement
 26022 | D:13     | Got a bloodstained shield
 26023 | D:13     | Identified the +2 shield of the Sailor {rC+ Regen+} (You
                  | acquired it on level 13 of the Dungeon)
 26126 | D:13     | Noticed Jorgrun
 26131 | D:13     | Noticed Josephine
 26607 | D:13     | Killed Jorgrun
 26743 | D:13     | Killed Josephine
 27278 | D:13     | Noticed Nessos
 27307 | D:13     | HP: 5/113 [poisoned by Nessos]
 27310 | D:13     | HP: 1/169 [Nessos (3)]
 27311 | D:13     | Killed Nessos
 27311 | D:13     | Reached skill level 5 in Dodging
 27311 | D:13     | Succumbed to Nessos's poison

Skill      XL: |  1  2  3  4  5  6  7  8  9 10 11 12 13 14 |
---------------+-------------------------------------------+-----
Axes           | 3 4 5 6 7 8 9 10 12 | 12.5
Fighting       | 3 4 5 6 7 9 10 11 | 11.3
Armour         | 4 |  4.0
Shields        | 1 6 8 10 11 12 | 12.4
Maces & Flails | 4 7 10 | 10.7
Necromancy     | 3 6 8 9 |  9.0
Dodging        | 5 |  5.0
Throwing       | |  1.7

Action                   |  1- 3 |  4- 6 |  7- 9 | 10-12 | 13-15 || total
-------------------------+-------+-------+-------+-------+-------++-------
Melee: War axe           |   109 |   168 |   397 |   293 |       ||   967
       Morningstar       |       |       |       |   348 |   558 ||   906
       Battleaxe         |       |       |       |       |   278 ||   278
       Eveningstar       |       |       |       |       |    12 ||    12
Throw: Throwing net      |       |     2 |       |     1 |     2 ||     5
Invok: Heroism           |       |       |       |     8 |    10 ||    18
  Use: Scroll            |     5 |     7 |     7 |    10 |    18 ||    47
       Potion            |     1 |     2 |     1 |     5 |    10 ||    19
 Stab: Sleeping          |     1 |       |       |       |       ||     1
       Paralysed         |       |     1 |       |       |       ||     1
       Held in net/web   |       |     1 |       |     1 |     2 ||     4
       Invisible         |       |     1 |       |     9 |       ||    10
       Distracted        |       |       |       |     7 |     7 ||    14
  Eat: Chunk             |     2 |    10 |     7 |    12 |    15 ||    46
       Ration            |       |       |     2 |     5 |     6 ||    13
Armor: Ring mail         |    65 |    60 |       |       |       ||   125
       Chain mail        |       |    23 |   140 |       |       ||   163
       Plate armour      |       |       |   170 |   388 |    22 ||   580
       Crystal plate arm |       |       |       |   158 |   913 ||  1071
Dodge: Dodged            |    93 |   115 |    74 |   147 |   228 ||   657
Block: Shield            |       |       |   138 |   433 |   556 ||  1127
